Match 28959059
Unlisted

Match 28959059
End
Construct Barracks
Scout Squad
Selects Airborne Battlegroup
Selects Pathfinders
Riflemen Squad
Riflemen Squad
Mechanized Support Center
Selects Paratrooper Squad Paradrop
Paratrooper Squad Paradrop
Construct Medical Station
Designate Forward Repair Station
Construct Weapon Support Center
Selects Anti-tank Gun Team Paradrop
M3 75 mm Gun Motor Carriage
Improved M9 Bazooka Rockets
Paratrooper Squad Paradrop
M1918 Browning Automatic Rifles
M3 Armored Personnel Carrier
Selects Recon Loiter
Selects Supply Drop
Construct Tank Depot
Grenade Package
Selects Carpet Bombing Run
Improvised Armor
Supply Drop
Carpet Bombing Run
M4A1 76mm Conversion
Supply Drop
Paratrooper Squad Paradrop
M4A1(76) Sherman Medium Tank
Supply Drop
Carpet Bombing Run
Designate Forward Repair Station
Supply Drop
M4A1(76) Sherman Medium Tank
Supply Drop
Recon Loiter
Carpet Bombing Run
Rearm and Retrofit
Supply Drop
Rapid Repairs
Carpet Bombing Run
Paratrooper Squad Paradrop
Paratrooper Squad Paradrop
Supply Drop
Paratrooper Squad Paradrop
Ares
Dumbass
HulkSMASH
Cool Whhip
0
0

Comments sign in to comment!

No comments posted yet!